Map: Nightshade LE

Players

StackingKing - Winner!

  • Race: Protoss Protoss
  • League: Diamond
  • Spawn Location: 5:00

SpacePimp

  • Race: Zerg Zerg
  • League: Platinum
  • Spawn Location: 11:00

VOD

Have the link to the VOD?

Description

Time

  • Played on: May 24, 2020, 5:03 a.m.
  • Length: 19:49
Show
View Real Time Build Order
Export as new Build Order

StackingKing Protoss - Winner!

Build Orders: 1 Gate Expand 

Get SALT Encoding   

  12  0:01  Probe  
  13  0:13  Probe  
  14  0:23  Pylon  
  14  0:26  Probe  
  15  0:41  Probe, Gateway  
  16  0:53  Probe  
  17  1:05  Probe  
  18  1:14  Nexus  
  18  1:18  Probe  
  19  1:30  Cybernetics Core  
  19  1:35  Assimilator  
  19  1:39  Assimilator  
  19  1:42  Probe  
  20  1:55  Pylon  
  20  1:59  Probe  
  21  2:06  Adept  
  23  2:13  Probe  
  23  2:15  Warp Gate  
  24  2:25  Probe  
  24  2:28  Probe  
  28  2:37  Sentry, Probe  
  28  2:41  Probe  
  30  2:49  Probe  
  31  2:52  Robotics Facility  
  31  2:53  Probe  
  32  3:01  Probe  
  32  3:02  Pylon  
  32  3:05  Probe  
  34  3:06  Stalker  
  36  3:15  Probe  
  36  3:17  Probe  
  36  3:18  Assimilator  
  38  3:20  Assimilator  
  38  3:24  Gateway  
  38  3:27  Probe  
  38  3:29  Probe, Gateway  
  40  3:36  Immortal (Chrono Boost)  
  44  3:42  Probe x2  
  46  3:48  Twilight Council  
  46  3:54  Probe x2  
  48  4:04  Sentry  
  48  4:06  Probe x2  
  52  4:14  Shield Battery  
  52  4:19  Pylon  
  52  4:32  Probe x2, Gateway  
  52  4:34  Immortal (Chrono Boost)  
  52  4:36  Pylon  
  58  4:39  Pylon  
  58  4:44  Sentry x2  
  62  4:54  Probe x2  
  62  4:55  Pylon  
  64  5:02  Assimilator  
  64  5:03  Warp Prism (Chrono Boost)  
  64  5:06  Charge (Chrono Boost), Probe x2  
  68  5:18  Probe x2  
  70  5:27  Zealot x3  
  76  5:30  Probe x2  
  76  5:35  Nexus  
  78  5:40  Pylon  
  78  5:46  Probe  
  78  5:47  Probe  
  80  5:52  Stalker x2  
  80  5:53  Stalker  
  86  5:59  Probe x2  
  86  6:04  Assimilator x2  
  88  6:11  Probe x2  
  90  6:14  Robotics Bay  
  90  6:17  Pylon  
  90  6:18  Pylon  
  90  6:20  Observer  
  90  6:23  Probe x2  
  93  6:41  Observer  
  94  6:50  Zealot x3  
  100  7:03  Probe x2  
  100  7:07  Gateway  
  102  7:09  Gateway x2  
  102  7:11  Pylon  
  102  7:13  Pylon  
  102  7:17  Stalker  
  102  7:18  Stalker x2  
  108  7:24  Probe x2  
  110  7:35  Pylon  
  110  7:36  Pylon  
  110  7:39  Pylon  
  110  7:42  Forge, Stalker x3  
  110  7:44  Forge  
  116  7:45  Probe x2  
  118  7:57  Pylon x2  
  118  8:01  Stargate  
  118  8:02  Probe x3  
  118  8:03  Stargate  
  118  8:05  Stargate  
  121  8:08  Stalker x2  
  121  8:09  Stalker x4  
  121  8:10  Protoss Ground Weapons Level 1 (Chrono Boost), Protoss Ground Armor Level 1 (Chrono Boost)  
  121  8:11  Blink (Chrono Boost)  
  133  8:17  Observer  
  133  8:23  Pylon x2  
  133  8:30  Photon Cannon x2  
  133  8:31  Photon Cannon  
  133  8:34  Photon Cannon  
  133  8:53  Pylon  
  133  8:54  Pylon  
  133  8:55  Pylon  
  133  8:58  Probe x3  
  133  9:01  Phoenix x3 (Chrono Boost)  
  142  9:11  Nexus  
  142  9:12  Fleet Beacon  
  137  9:17  Stalker x2  
  138  9:30  Probe x3  
  141  9:40  Pylon  
  141  9:42  Pylon, Probe  
  141  9:43  Pylon  
  141  9:45  Phoenix (Chrono Boost), Pylon  
  142  9:46  Phoenix x2 (Chrono Boost)  
  148  9:58  Probe x3  
  147  10:19  Phoenix x2 (Chrono Boost)  
  148  10:25  Probe x3  
  151  10:34  Pylon  
  151  10:36  Pylon  
  151  10:37  Probe x3  
  151  10:42  Protoss Ground Armor Level 2 (Chrono Boost), Nexus  
  148  10:53  Protoss Ground Weapons Level 2 (Chrono Boost), Probe x2  
  148  10:54  Probe  
  151  10:58  Pylon  
  151  10:59  Pylon, Photon Cannon  
  151  11:05  Photon Cannon  
  151  11:11  Templar Archives  
  151  11:18  Gateway  
  151  11:19  Gateway  
  151  11:20  Zealot x2  
  151  11:21  Zealot  
  157  11:58  Phoenix  
  155  12:03  Phoenix x2  
  159  12:09  Anion Pulse-Crystals (Chrono Boost)  
  159  12:16  Probe x3  
  159  12:18  Phoenix  
  159  12:19  Assimilator  
  159  12:20  Assimilator  
  162  12:24  Photon Cannon  
  162  12:25  Photon Cannon  
  162  12:27  Pylon  
  162  12:28  Phoenix x2, Photon Cannon  
  162  12:29  Photon Cannon x2, Pylon  
  168  12:30  Photon Cannon  
  168  12:31  Photon Cannon  
  168  12:33  Photon Cannon  
  168  12:34  Photon Cannon  
  168  12:45  Photon Cannon x2  
  168  12:48  Photon Cannon, Psionic Storm  
  168  12:50  Phoenix  
  170  12:53  Phoenix x2  
  170  12:57  Protoss Ground Armor Level 3 (Chrono Boost)  
  174  13:10  Protoss Ground Weapons Level 3 (Chrono Boost)  
  174  13:20  Protoss Air Weapons Level 1 (Chrono Boost)  
  174  13:28  Photon Cannon x3  
  174  13:29  Pylon  
  174  13:30  Pylon x2  
  174  13:31  Photon Cannon  
  174  13:33  Pylon x2  
  174  13:40  High Templar  
  174  13:41  High Templar x3  
  180  13:43  High Templar  
  180  13:48  High Templar  
  186  13:49  Archon x2  
  184  14:51  Photon Cannon x2  
  184  14:53  Pylon x2  
  182  15:34  High Templar x3  
  182  15:35  High Templar x5  
  198  15:42  Protoss Air Weapons Level 2 (Chrono Boost)  
  198  15:51  Protoss Shields Level 1 (Chrono Boost)  
  198  15:57  Nexus  
  198  15:59  Pylon, Assimilator  
  198  16:03  Pylon x2, Assimilator  
  198  16:04  Pylon  
  198  16:07  Pylon  
  198  16:08  Pylon  
  198  16:11  Pylon  
  154  18:10  Void Ray x3 (Chrono Boost)  
  154  18:11  Photon Cannon x2  
  154  18:12  Photon Cannon  
  154  18:13  Photon Cannon x2  
  154  18:14  Photon Cannon x2  
  154  18:15  Photon Cannon  
  154  18:16  Photon Cannon  
  166  18:24  Photon Cannon, Shield Battery  
  166  18:25  Photon Cannon  
  166  18:28  Photon Cannon  
  166  18:29  Photon Cannon  
  166  18:30  Photon Cannon  
  166  18:44  Dark Shrine  
  166  18:45  Void Ray x2  
  166  18:46  Void Ray  
  178  19:19  Nexus  
  178  19:27  Assimilator  
  178  19:29  Pylon  
  178  19:30  Zealot x6  
  178  19:31  Pylon, Assimilator, Zealot x2  
  192  19:33  Pylon x2  
  192  19:34  Pylon x2  
  192  19:37  Pylon x2  
  172  19:41  Pylon  
Show
View Real Time Build Order
Export as new Build Order

SpacePimp Zerg 

Build Orders: Hatch First 

Get SALT Encoding   

  12  0:01  Drone  
  13  0:32  Hatchery  
  13  0:34  Drone  
  13  0:38  Drone  
  14  0:46  Overlord  
  14  1:04  Drone x2  
  16  1:13  Spawning Pool  
  16  1:14  Drone  
  16  1:20  Drone  
  17  1:29  Drone  
  17  1:32  Extractor  
  17  1:39  Drone  
  18  1:50  Overlord  
  18  1:59  Queen  
  20  2:01  Queen  
  20  2:02  Drone  
  20  2:05  Drone  
  24  2:22  Drone x2  
  26  2:23  Drone x3  
  29  2:32  Metabolic Boost  
  29  2:36  Extractor  
  28  2:38  Drone  
  29  2:45  Drone x3  
  32  2:54  Overlord  
  32  2:59  Drone  
  32  3:17  Zergling x12  
  32  3:18  Zergling x4  
  40  3:23  Drone  
  41  3:31  Drone  
  41  3:33  Overlord  
  42  3:39  Lair  
  42  3:40  Hatchery  
  41  3:46  Drone x3  
  44  3:50  Overlord  
  43  4:27  Drone x4, Roach Warren  
  43  4:28  Drone x4  
  50  4:34  Extractor  
  50  4:35  Extractor  
  48  4:40  Drone  
  48  4:41  Drone x4  
  53  4:55  Evolution Chamber  
  53  4:58  Spine Crawler  
  51  5:00  Spine Crawler  
  51  5:06  Spire  
  49  5:10  Glial Reconstitution  
  49  5:12  Roach x3  
  55  5:19  Queen  
  57  5:22  Drone  
  57  5:23  Drone x2  
  60  5:38  Overseer  
  60  5:47  Drone  
  60  5:48  Drone x6, Extractor  
  60  5:49  Extractor  
  63  5:50  Overlord  
  63  5:51  Overlord x4  
  58  6:08  Drone x6  
  68  6:18  Roach x2, Zergling x2  
  62  6:45  Mutalisk x6  
  62  6:46  Mutalisk x2  
  74  6:53  Zergling x6  
  66  7:10  Mutalisk x2  
  66  7:11  Mutalisk  
  67  7:21  Drone  
  68  7:32  Zerg Flyer Weapons Level 1  
  68  7:37  Evolution Chamber  
  68  7:41  Spore Crawler  
  66  7:47  Zergling x2  
  66  7:48  Zergling x22  
  66  7:50  Overlord  
  78  7:55  Queen  
  78  7:56  Queen  
  82  8:16  Zerg Melee Weapons Level 1  
  82  8:18  Zerg Missile Weapons Level 1  
  82  8:21  Drone x3  
  85  8:27  Mutalisk x6  
  85  8:28  Mutalisk  
  85  8:30  Queen  
  101  8:48  Overlord  
  101  9:16  Hatchery  
  76  9:31  Zergling x20  
  66  9:32  Zergling x2  
  76  9:44  Drone x4  
  80  9:56  Zergling x8  
  73  10:23  Zerg Flyer Weapons Level 2, Infestation Pit  
  73  10:24  Zerg Melee Weapons Level 2  
  64  10:32  Drone x3  
  64  10:33  Drone x5  
  65  10:37  Drone  
  66  11:00  Overlord x3  
  66  11:01  Overlord  
  66  11:08  Hatchery  
  66  11:09  Drone x2  
  66  11:28  Hive  
  66  11:29  Mutalisk x4  
  66  11:30  Mutalisk x7  
  66  11:31  Mutalisk  
  80  11:39  Mutalisk x3  
  74  11:46  Extractor x2  
  73  11:55  Pneumatized Carapace  
  65  12:19  Drone x3  
  65  12:20  Hydralisk Den  
  67  12:52  Drone x3  
  67  12:57  Hydralisk x3  
  67  12:58  Hydralisk x9  
  78  12:59  Hydralisk x3  
  78  13:05  Drone x3  
  103  13:14  Drone  
  103  13:17  Drone x4  
  108  13:24  Zerg Melee Weapons Level 3  
  108  13:29  Muscular Augments  
  108  13:35  Zerg Missile Weapons Level 2  
  108  13:58  Overlord x3  
  108  14:02  Drone x8  
  116  14:17  Zerg Flyer Weapons Level 3  
  108  14:52  Drone x6  
  114  15:12  Drone x7  
  121  15:30  Grooved Spines  
  121  15:37  Ultralisk Cavern  
  120  15:47  Roach, Zergling x8  
  120  15:48  Roach x4, Hydralisk x4, Mutalisk x2  
  120  15:49  Mutalisk x2  
  150  15:51  Overlord x4  
  150  16:03  Overlord  
  150  16:04  Overlord x2  
  148  16:28  Ultralisk  
  148  16:29  Ultralisk x3  
  146  16:46  Hydralisk x3  
  146  16:47  Hydralisk x5  
  144  17:03  Corruptor x4  
  137  17:21  Mutalisk  
  137  17:22  Corruptor x2  
  130  17:23  Corruptor x2  
  133  17:44  Overlord x2  
  133  17:45  Overlord  
  133  17:47  Drone x3  
  130  17:54  Overlord x3  
  129  18:07  Drone x5  
  129  18:08  Drone x2  
  136  18:16  Drone x3  
  136  18:17  Drone  
  140  18:32  Drone x7  
  140  18:33  Drone  
  148  18:48  Anabolic Synthesis  
  144  19:27  Hatchery  
Tags
 
Add a new tag
Caveats
  • Supply blocks, unpowered buildings, or Contaminate may cause inaccurate times.
  • Supply counts are checked every 10 seconds.